 Dungeon Crawl Stone Soup version 0.30-a0-5-g3a90980b9d (webtiles) character file.

Game seed: 5916251050779912155

2529 Ijustatesigmund the Cleaver (level 9, -14/82 HPs)
             Began as a Hill Orc Fighter on Aug 22, 2022.
             Killed from afar by Maggie (23 damage)
             ... with a bolt of fire
             ... on level 7 of the Dungeon.
             The game lasted 00:12:46 (8614 turns).

Ijustatesigmund the Cleaver (Hill Orc Fighter)      Turns: 8614, Time: 00:12:47

Health: -14/82     AC:  9    Str: 19    XL:     9   Next: 54%
Magic:  9/9        EV: 11    Int: 12    God:
Gold:   307        SH:  5    Dex: 10    Spells: 8/8 levels left

rFire   . . .      SeeInvis +    a - +0 war axe
rCold   + . .      Faith    .    c - +0 buckler
rNeg    . . .      Spirit   .    b - +0 steam dragon scales
rPois   .          Reflect  .    n - +2 hat
rElec   .          Harm     .    (no cloak)
rCorr   +          Rampage  .    p - +0 pair of gloves
Will    .....                    (no boots)
Stlth   ++........               (no amulet)
HPRegen 0.23/turn                A - ring of Imo Feof {rCorr SInv Stlth+}
MPRegen 0.11/turn                q - ring of protection from cold

@: attractive, mesmerised
A: no striking features
a: no special abilities


You were on level 7 of the Dungeon.
You visited 1 branch of the dungeon, and saw 7 of its levels.

You collected 307 gold pieces.

Inventory:

Hand Weapons
 a - a +0 war axe (weapon)
 d - a +2 flail of protection
Armour
 b - +0 steam dragon scales (worn)
 c - a +0 buckler (worn)
 n - a +2 hat (worn)
 p - a +0 pair of gloves (worn)
Jewellery
 q - a ring of protection from cold (right hand)
 u - a ring of wizardry
 A - the ring of Imo Feof (left hand) {rCorr SInv Stlth+}
   (You found it on level 7 of the Dungeon)

   [ring of see invisible]

   SInv:      It lets you see invisible.
   rCorr:     It protects you from acid and corrosion.
   Stlth:     It makes you more stealthy.
Wands
 x - a wand of mindburst (5)
 z - a wand of flame (13)
Scrolls
 g - a scroll of poison
 j - 3 scrolls of amnesia
 s - a scroll of fog
 t - a scroll of identify
 w - a scroll of teleportation
Potions
 e - 2 potions of mutation
 h - a potion of brilliance
 m - a potion of cancellation
 v - a potion of flight {unknown}


   Skills:
 + Level 8.6 Fighting
 + Level 10.0 Axes
 - Level 6.2 Armour
 + Level 2.1 Dodging
 + Level 6.9 Shields


You had 8 spell levels left.
You didn't know any spells.
Your spell library was empty.

Dungeon Overview and Level Annotations

Branches:
Dungeon (7/15)             Temple (0/1) D:5

Altars:
Fedhas
Kikubaaqudgha
Nemelex Xobeh
Trog
Wu Jian

Shops:
D:1 (

Annotations:
D:7 Maggie


Message History

You hit the sky beast but do no damage.
You hear the steady creaking of a distant portcullis.
Maggie barely misses you.
The sky beast hits you but does no damage.
You barely miss Maggie.
Maggie is heavily wounded.
You closely miss the sky beast.
Maggie hits you with a +0 war axe of flaming!
* * * LOW HITPOINT WARNING * * *
Maggie burns you.
* * * LOW HITPOINT WARNING * * *
The sky beast hits you but does no damage.
You barely miss Maggie.
Maggie is heavily wounded.
You closely miss the sky beast. Maggie barely misses you.
The sky beast closely misses you.
You hit Maggie.
Maggie is heavily wounded.
You closely miss the sky beast. Maggie misses you.
The sky beast closely misses you.
You hit Maggie.
Maggie is severely wounded.
You hit the sky beast but do no damage.
Maggie hits you with a +0 war axe of flaming.
* * * LOW HITPOINT WARNING * * *
Maggie burns you.
* * * LOW HITPOINT WARNING * * *
You block the sky beast's attack.
It was a potion of berserk rage.
You are too mesmerised to rage.
Maggie hits you with a +0 war axe of flaming!
* * * LOW HITPOINT WARNING * * *
Maggie burns you.
* * * LOW HITPOINT WARNING * * *
The sky beast hits you but does no damage.
You hit Maggie but do no damage.
Maggie is severely wounded.
You completely miss the sky beast.
Maggie points at you and mumbles some strange words.
The bolt of fire hits you!!
You die...

§§.~~§≈§....#.# *,*,,,,,,,*
..§~≈§≈~....#.# *,***#*****
~~≈≈≈≈~≈~.....# *,,,.#
~≈§≈≈≈≈≈≈...### *###.###**
~~≈§≈≈≈≈≈~~.# *......,,********
~~≈§≈≈≈§~...# *....#**,*,,,,,,*
,,~@~~~.....# *....# *,*,,,,,,*
,,..........#####Y...# *,*,,,,,,*
,,.............@@....# *,,,,,,,,,
,,.............†.†...#****,,,,,,*
,,................####,,,,,,,,***
**#######..#.........,,,,,,,,,***
##..........y.,,,,,,,,,,,
########.....)******,,,, *......*
*,,,, *......* *,,,, * *,,,,,,*
*,,,,


You could see Maggie (mesmerising, poisoned) and a sky beast.

Vanquished Creatures
  A steam dragon (D:6)
  Edmund (D:4)
  2 water moccasins
  A black bear (D:4)
  An orc warrior (D:6)
  2 ice beasts
  An ogre (D:6)
  A phantom (D:6)
  2 centaurs (D:6)
  A kobold brigand (D:6)
  A bullfrog (D:7)
  5 scorpions
  4 killer bees (D:7)
  7 hounds
  2 orc priests
  3 iguanas
  3 orc wizards
  Robin (D:1)
  5 adders
  2 gnolls (D:5)
  A shadow imp (D:5)
  A dart slug (D:2)
  20 orcs
  4 endoplasms
  3 giant cockroaches
  9 goblins
  8 hobgoblins
  15 jackals
  5 quokkas
  9 ball pythons
  4 bats
  5 frilled lizards
  7 kobolds
  2 rats (D:1)
139 creatures vanquished.

Vanquished Creatures (collateral kills)
  Sigmund (D:5)
  An adder (D:5)
2 creatures vanquished.

Vanquished Creatures (others)
  2 fungi (D:3)
  43 plants (D:4)
45 creatures vanquished.

Grand Total: 186 creatures vanquished

Notes
Turn   | Place    | Note
-------+----------+-------------------------------------------
     0 | D:1      | Ijustatesigmund the Hill Orc Fighter began the quest for
                  | the Orb.
     0 | D:1      | Reached XP level 1. HP: 19/19 MP: 1/1
    44 | D:1      | Reached skill level 3 in Axes
   362 | D:1      | Reached XP level 2. HP: 21/27 MP: 2/2
   749 | D:1      | Found Jizeamnyas's Weapon Boutique.
   834 | D:1      | Reached skill level 4 in Axes
   891 | D:1      | You fall into a shaft and drop 1 floor!
   904 | D:2      | Reached XP level 3. HP: 33/33 MP: 3/3
   960 | D:2      | Noticed Robin
  1208 | D:3      | Reached XP level 4. HP: 26/41 MP: 4/4
  1212 | D:3      | Reached skill level 5 in Axes
  1853 | D:1      | Killed Robin
  2455 | D:2      | Reached XP level 5. HP: 47/47 MP: 5/5
  2532 | D:3      | Found a blossoming altar of Fedhas.
  2925 | D:3      | Found a faded altar of an unknown god.
  3257 | D:4      | Noticed a black bear
  3268 | D:4      | Killed a black bear
  3269 | D:4      | Reached skill level 5 in Fighting
  3269 | D:4      | Reached skill level 6 in Axes
  3269 | D:4      | Reached XP level 6. HP: 19/56 MP: 6/6
  3571 | D:4      | Noticed Edmund
  3585 | D:4      | Killed Edmund
  3586 | D:4      | Reached skill level 7 in Axes
  4092 | D:4      | Reached XP level 7. HP: 18/62 MP: 7/7
  4411 | D:5      | Entered Level 5 of the Dungeon
  5097 | D:5      | Noticed Sigmund
  5103 | D:5      | Killed Sigmund
  5104 | D:5      | Reached skill level 8 in Axes
  5129 | D:5      | Reached XP level 8. HP: 70/71 MP: 8/8
  5330 | D:5      | Reached skill level 5 in Armour
  5330 | D:5      | Reached skill level 5 in Shields
  5344 | D:5      | Found a staircase to the Ecumenical Temple.
  6389 | D:6      | Found an ornate altar of the Wu Jian Council.
  6778 | D:6      | Reached skill level 9 in Axes
  6971 | D:6      | Reached XP level 9. HP: 26/81 MP: 9/9
  7725 | D:6      | Reached skill level 1 in Dodging
  7923 | D:6      | Found a bloodstained altar of Trog.
  7923 | D:6      | Found an ancient bone altar of Kikubaaqudgha.
  8107 | D:6      | Found a sparkling altar of Nemelex Xobeh.
  8486 | D:7      | Identified the ring of Imo Feof {rCorr SInv Stlth+}
  8559 | D:7      | Noticed Maggie
  8584 | D:7      | Reached skill level 10 in Axes
  8614 | D:7      | Killed from afar by Maggie

Illustrated notes

Levels and vault maps discovered:
D:1:      lightli_arrival_statuegarden, layout_loops_ring, serial_shops,
          shop_fountains, minmay_misc_feat_nine_boxes
D:2:      layout_basic, nicolae_underground_beach, uniq_robin
D:3:      layout_rooms, fedhas_ov_isle_minmay, shapermc_ecumenical_altar_ellora,
          st_stairs_5
D:4:      layout_rooms, serial_bayou, serial_bayou_pond_a, serial_bayou_ford_a,
          serial_bayou_shore_a, serial_bayou_lagoon_a, uniq_edmund
D:5:      layout_rooms, temple_hall, minmay_misc_feat_tiny, uniq_sigmund
D:6:      layout_loops_cross, kennysheep_little_box, nemelex_dance_club_becter,
          gammafunk_temple_overflow_elements, roderic_lattice_a,
          minmay_misc_feat_secret_circle, lightli_orcish_oven
D:7:      layout_basic, enter_bailey_2, lemuel_old_faithful,
          uniq_prince_ribbit1, uniq_maggie

Skill      XL: |  1  2  3  4  5  6  7  8  9 |
---------------+----------------------------+-----
Axes           | 3 4 5 6 7 8 9 10 | 10.0
Fighting       | 4 5 6 7 8 |  8.6
Armour         | 4 6 |  6.2
Shields        | 4 6 |  6.9
Dodging        | 2 |  2.1

Action                   |  1- 3 |  4- 6 |  7- 9 || total
-------------------------+-------+-------+-------++-------
Melee: War axe           |    66 |   193 |   290 ||   549
Evoke: Wand              |       |       |     3 ||     3
  Use: Scroll            |     3 |     6 |     7 ||    16
       Potion            |       |     2 |     9 ||    11
Armor: Scale mail        |    47 |    94 |   103 ||   244
       Skin              |       |     2 |    63 ||    65
       Steam dragon scal |       |       |    36 ||    36
Dodge: Dodged            |    44 |   109 |   129 ||   282
Block: Buckler           |    24 |    48 |    81 ||   153

Table legend: (Time is in decaauts)
 A = Elapsed time spent in this place.
 B = Non-inter-level travel time spent in this place.
 C = Inter-level travel time spent in this place.
 D = Time resting spent in this place.
 E = Time spent auto-exploring this place.
 F = Levels seen in this place.
 G = Mean time per level.
                   A        B        C        D        E       F      G
               +--------+--------+--------+--------+--------+-----+--------+
         Total |   8732 |   8552 |    180 |   2703 |   4519 |   7 | 1247.4 |
       Dungeon |   8732 |   8552 |    180 |   2703 |   4519 |   7 | 1247.4 |
               +--------+--------+--------+--------+--------+-----+--------+

Top non-repeatable levels by time:
     D:6: 1912 daAuts
     D:4: 1641 daAuts
     D:5: 1347 daAuts
     D:3: 1311 daAuts
     D:1: 1298 daAuts
     D:2: 859 daAuts
     D:7: 361 daAuts
